Map: King's Cove LE

Players

Reynor - Winner!

  • Race: Zerg Zerg
  • Spawn Location: 5:00

MarineLorD

  • Race: Terran Terran
  • Spawn Location: 11:00

Event: 2019 WCS Summer

VOD

Have the link to the VOD?

Description

Time

  • Played on: July 12, 2019, 2:03 p.m.
  • Length: 10:55

All games in this series

Show
View Real Time Build Order
Export as new Build Order

Reynor Zerg - Winner!

Build Orders: Hatch First 

Get SALT Encoding   

  12  0:00  Drone  
  13  0:12  Overlord  
  13  0:17  Drone  
  14  0:30  Drone x2  
  16  0:49  Hatchery  
  15  0:53  Drone  
  15  0:56  Drone  
  17  1:00  Drone  
  18  1:10  Extractor  
  17  1:16  Spawning Pool  
  16  1:19  Drone  
  16  1:22  Drone  
  18  1:27  Drone  
  19  1:40  Drone  
  20  1:52  Extractor  
  19  2:02  Queen  
  19  2:06  Roach Warren  
  22  2:14  Zergling x2  
  24  2:18  Zergling x2  
  25  2:23  Zergling x2  
  25  2:27  Overlord  
  25  2:32  Zergling x2  
  25  2:34  Zergling x4  
  22  3:01  Roach  
  22  3:03  Roach  
  19  3:07  Roach  
  21  3:13  Drone  
  22  3:22  Ravager  
  22  3:26  Ravager  
  24  3:41  Drone x4  
  26  3:49  Roach  
  28  3:56  Roach  
  28  4:00  Drone  
  31  4:09  Overlord  
  31  4:22  Overlord  
  31  4:28  Drone  
  31  4:30  Ravager  
  33  4:38  Drone  
  34  4:39  Drone x2  
  35  4:59  Ravager  
  36  5:12  Drone x3  
  35  5:18  Hatchery  
  34  5:23  Roach  
  33  5:39  Roach  
  33  5:42  Queen  
  29  5:44  Roach  
  29  5:45  Ravager  
  29  5:48  Roach x2  
  38  5:53  Roach  
  40  5:57  Drone  
  40  6:00  Ravager  
  42  6:07  Drone  
  43  6:17  Roach  
  45  6:18  Overlord  
  46  6:25  Drone  
  46  6:33  Roach x2  
  50  6:45  Ravager  
  50  6:46  Drone  
  52  6:48  Drone x2  
  52  6:51  Roach x2  
  52  6:53  Overlord  
  58  6:55  Drone x2  
  60  7:03  Lair  
  60  7:10  Overlord  
  60  7:12  Drone  
  60  7:13  Drone  
  62  7:21  Drone x3  
  62  7:22  Drone  
  66  7:41  Hatchery  
  66  7:42  Drone  
  66  7:43  Drone x3  
  66  7:45  Drone  
  66  7:47  Extractor  
  66  7:50  Drone x2  
  68  7:53  Overlord  
  68  7:56  Drone  
  69  7:59  Extractor  
  69  8:01  Drone x2  
  69  8:03  Overseer  
  70  8:06  Overlord  
  70  8:15  Spire  
  67  8:24  Drone x2  
  67  8:25  Glial Reconstitution  
  69  8:31  Roach x2  
  69  8:32  Roach x2  
  77  8:34  Overlord  
  77  8:41  Evolution Chamber  
  76  8:49  Overlord  
  76  8:57  Drone x7  
  76  8:58  Drone  
  84  9:05  Drone  
  85  9:20  Drone x3, Queen  
  90  9:28  Spore Crawler  
  90  9:29  Drone, Mutalisk x5, Spore Crawler  
  99  9:31  Mutalisk  
  99  9:34  Mutalisk  
  103  9:38  Mutalisk  
  103  9:43  Overlord  
  103  9:44  Mutalisk  
  107  9:48  Drone x3, Extractor  
  107  9:49  Extractor  
  108  9:52  Spore Crawler  
  107  10:03  Corruptor x2  
  111  10:09  Overlord  
  111  10:13  Corruptor  
  114  10:14  Drone x7  
  114  10:17  Overlord  
  120  10:34  Spore Crawler  
Show
View Real Time Build Order
Export as new Build Order

MarineLorD Terran 

Build Orders:  

Get SALT Encoding   

  12  0:00  SCV  
  13  0:12  SCV  
  14  0:18  Supply Depot  
  14  0:24  SCV  
  15  0:40  Barracks  
  15  0:57  Barracks  
  15  1:06  Barracks  
  15  1:11  SCV  
  16  1:27  Orbital Command  
  16  1:28  Marine  
  17  1:43  Marine  
  17  1:46  Marine  
  19  1:53  Marine  
  20  1:56  Supply Depot  
  20  2:01  Marine  
  20  2:04  Marine  
  20  2:06  Bunker  
  22  2:10  SCV  
  23  2:17  Marine  
  23  2:19  Marine  
  23  2:22  Marine, SCV  
  27  2:35  Marine, SCV  
  27  2:36  Marine  
  30  2:39  Marine  
  30  2:53  Marine  
  30  2:54  Marine  
  30  2:57  Marine  
  26  3:00  SCV  
  23  3:09  Refinery x2  
  23  3:11  Marine  
  23  3:12  Marine, SCV  
  26  3:15  Marine  
  27  3:24  SCV, Supply Depot  
  28  3:28  Marine  
  28  3:30  Marine  
  28  3:33  Marine  
  30  3:36  SCV  
  27  3:46  Marine  
  27  3:48  Marine, SCV  
  29  3:51  Marine  
  31  4:00  SCV  
  29  4:07  Reaper  
  29  4:09  Reaper  
  28  4:13  SCV  
  28  4:14  Reaper  
  29  4:25  SCV  
  30  4:37  SCV  
  30  4:40  Reaper  
  30  4:41  Reaper  
  32  4:49  SCV  
  32  4:51  Reaper  
  31  5:05  SCV  
  31  5:11  Marine  
  31  5:13  Reaper  
  30  5:17  SCV  
  30  5:23  Reaper  
  30  5:25  Supply Depot  
  30  5:29  SCV  
  28  5:47  Reaper x2, Supply Depot  
  30  5:55  Reaper  
  31  6:09  SCV  
  32  6:19  Reaper x2  
  32  6:23  SCV  
  32  6:25  Command Center  
  35  6:27  Reaper  
  35  6:34  Supply Depot  
  35  6:35  SCV  
  36  6:49  Factory  
  36  6:50  SCV, Supply Depot  
  35  7:03  SCV  
  36  7:15  SCV  
  37  7:27  Command Center  
  37  7:28  SCV  
  38  7:32  Factory Tech Lab  
  38  7:34  Starport  
  38  7:40  SCV  
  39  7:45  Orbital Command  
  39  7:52  SCV  
  39  7:57  Starport  
  40  8:00  Refinery  
  40  8:04  SCV  
  41  8:08  Marine  
  42  8:15  SCV  
  42  8:23  Refinery  
  42  8:26  SCV, Fusion Core  
  43  8:30  Marine  
  43  8:34  SCV  
  48  8:39  SCV  
  49  8:45  Orbital Command, Starport Tech Lab  
  49  8:46  SCV  
  51  8:51  SCV  
  51  8:59  SCV  
  49  9:03  SCV  
  50  9:11  SCV, Supply Depot x2  
  50  9:13  Battlecruiser x2  
  50  9:15  SCV  
  64  9:23  Orbital Command, SCV  
  65  9:26  Supply Depot  
  65  9:27  SCV  
  66  9:34  Marine x2  
  66  9:37  SCV  
  69  9:39  SCV, Supply Depot  
  69  9:40  Supply Depot  
  70  9:49  SCV  
  70  9:52  SCV  
  72  9:55  SCV  
  72  9:56  Refinery  
  73  10:00  Refinery  
  73  10:01  SCV  
  73  10:04  SCV  
  75  10:07  SCV  
  75  10:13  SCV  
  77  10:16  SCV  
  77  10:19  SCV  
  85  10:25  SCV  
  85  10:27  Marine x2  
  85  10:28  SCV  
  81  10:29  Widow Mine  
  81  10:31  SCV  
  77  10:37  SCV  
  77  10:40  Engineering Bay, SCV  
  77  10:42  Engineering Bay  
Tags
 
Add a new tag
Caveats
  • Supply blocks, unpowered buildings, or Contaminate may cause inaccurate times.
  • Supply counts are checked every 10 seconds.